 Dungeon Crawl Stone Soup version 0.18.1-50-g88ac8fd (webtiles) character file.

88 Amnesiac the Cutter (level 4, -4/35 HPs)
             Began as a Merfolk Fighter on Mar 7, 2018.
             Slain by a gnoll
             ... wielding a +0 halberd
              (15 damage)
             ... on level 3 of the Dungeon.
             The game lasted 00:01:36 (674 turns).

Amnesiac the Cutter (Merfolk Fighter)                Turns: 674, Time: 00:01:37

Health: -4/35      AC:  8    Str: 17    XL:     4   Next: 53%
Magic:  4/4        EV:  6    Int:  7    God:
Gold:   10         SH:  9    Dex: 13    Spells: 0 memorised, 3 levels left

rFire  . . .     SeeInvis .     a - +0 dagger (venom)
rCold  . . .     Gourm    .     d - +0 scale mail
rNeg   . . .     Faith    .     c - +0 shield
rPois  .         Spirit   .     (no helmet)
rElec  .         Dismiss  .     p - +1 cloak
rCorr  .         Reflect  .     (no gloves)
SustAt .         Harm     +     (no boots)
MR     .....                    i - amulet of harm
Stlth  ..........               (no ring)
                                (no ring)

@: not resistant to hostile enchantments, extremely unstealthy
A: change form in water, swift swim
a: no special abilities


You were on level 3 of the Dungeon.
You were not hungry.

You visited 1 branch of the dungeon, and saw 3 of its levels.

You collected 10 gold pieces.

Inventory:

Hand Weapons
 a - a +0 dagger of venom (weapon)
 b - a +0 rapier
Missiles
 n - a throwing net (quivered)
Armour
 c - a +0 shield (worn)
 d - a +0 scale mail (worn)
 p - a +1 cloak (worn)
Jewellery
 i - an amulet of harm (around neck)
Scrolls
 e - 3 scrolls of remove curse {!r}
Potions
 g - a potion of cure mutation {!q, unknown}
 h - a potion of agility {!q, unknown}
 k - a potion of curing {!q}
Comestibles
 f - 2 bread rations
 j - a beef jerky
 l - 3 chunks of flesh
 m - a slice of pizza


   Skills:
 - Level 3.2 Fighting
 + Level 5.5 Short Blades
 - Level 2.1 Armour
 - Level 3.0 Shields


You had 3 spell levels left.
You didn't know any spells.

Dungeon Overview and Level Annotations

Branches:
Dungeon (3/15)

Altars:


Message History

p - a cloak Wear which item? (? for menu, Esc to quit)
You start putting on your armour.
You continue putting on your cloak. x4
You finish putting on your +0 cloak.
Read which item? (? for menu, Esc to quit)
Really read
e - 4 scrolls labeled YNASYSOOPN {!r}?
As you read the scroll labeled YNASYSOOPN {!r}, it crumbles to dust.
You feel blessed for a moment.
It was a scroll of remove curse {!r}.
Read which item? (? for menu, Esc to quit)
Really read
j - a scroll labeled GUSTRU ASHU {!r}?
As you read the scroll labeled GUSTRU ASHU {!r}, it crumbles to dust.
You assume a fearsome visage.
Nothing appears to happen.
It was a scroll of fear {!r}.
Read which item? (? for menu, Esc to quit)
Really read
n - a scroll labeled KION LIESA {!r}?
As you read the scroll labeled KION LIESA {!r}, it crumbles to dust.
It is a scroll of enchant armour.
Enchant which item? (? for menu, Esc to quit)
Your +0 cloak glows green for a moment.
Read which item? (? for menu, Esc to quit)
Really read
o - a scroll labeled OFRACV OGOD {!r}?
As you read the scroll labeled OFRACV OGOD {!r}, it crumbles to dust.
It is a scroll of identify.
Identify which item? (\ to view known items) (? for menu, Esc to quit)
k - a potion of curing {!q}
j - a beef jerky A gnoll comes into view.
It is wielding a halberd.
The gnoll shouts!
A gnoll comes into view.
A gnoll is nearby!
The gnoll shouts!
A gnoll comes into view. It is wielding a halberd.
The gnoll shouts!
The gnoll throws a throwing net.
The throwing net barely misses you.
An orc comes into view. It is wielding a mace.
You see here a throwing net.
n - a throwing net The orc shouts!
A gnoll and an orc come into view.
The gnoll shouts!
The gnoll moves out of view.
You hit the gnoll.
The gnoll is poisoned.
The gnoll is lightly wounded.
The gnoll hits you but does no damage.
You hit the gnoll.
The gnoll looks even sicker.
The gnoll is heavily wounded.
The gnoll hits you from afar with a halberd.
The gnoll hits you but does no damage.
You hit the gnoll but do no damage.
The gnoll is almost dead.
You kill the gnoll!
The gnoll barely misses you.
The gnoll hits you from afar with a halberd.
You closely miss the gnoll.
The gnoll hits you from afar with a halberd.
You block the gnoll's attack.
You completely miss the gnoll.
The gnoll hits you from afar with a halberd!
* * * LOW HITPOINT WARNING * * *
You block the gnoll's attack.
You closely miss the gnoll. You hit the gnoll but do no damage.
The gnoll is poisoned.
The gnoll hits you with a halberd!
You die...

##..# #.(## #.## #÷#
#######†####
#........<.#
#..........#
#..........##########.o.
#.............@gggo.....
#..........#############
#..........#
#..........#
#..........#
############


You could see 3 gnolls and an orc.

Vanquished Creatures
  An orc wizard (D:3)
  2 adders (D:3)
  A gnoll (D:3)
  A giant gecko (D:3)
  2 orcs
  A giant cockroach (D:1)
  5 hobgoblins
  2 jackals (D:3)
  2 bats
  3 goblins (D:1)
  2 kobolds
  7 rats
29 creatures vanquished.

Notes
Turn   | Place    | Note
--------------------------------------------------------------
     0 | D:1      | Amnesiac the Merfolk Fighter began the quest for the Orb.
     0 | D:1      | Reached XP level 1. HP: 18/18 MP: 1/1
   118 | D:1      | Reached skill level 3 in Short Blades
   126 | D:1      | Reached XP level 2. HP: 20/24 MP: 2/2
   316 | D:3      | Reached skill level 4 in Short Blades
   316 | D:3      | Reached XP level 3. HP: 16/29 MP: 3/3
   405 | D:3      | Reached skill level 5 in Short Blades
   405 | D:3      | Reached XP level 4. HP: 14/35 MP: 4/4
   674 | D:3      | Slain by a gnoll

Skill      XL: |  1  2  3 |
---------------+----------+-----
Short Blades   | 3 4 5 |  5.5
Fighting       | |  3.2
Armour         | |  2.1
Shields        | |  3.0

Action                   |  1- 3 |  4- 6 || total
-------------------------+-------+-------++-------
Melee: Rapier            |    62 |       ||    62
       Dagger            |    13 |    27 ||    40
  Use: Potion            |     1 |       ||     1
       Scroll            |       |     4 ||     4
Armor: Scale mail        |    22 |     9 ||    31
Dodge: Dodged            |    14 |     5 ||    19
Block: Shield            |    32 |     7 ||    39
